 Dungeon Crawl Stone Soup version 0.31-a0-543-geaa9c7a2c0 (webtiles) character file.

Game seed: 17871378998079969620

46 Ethylacetat the Insei (level 3, 0/25 HPs)
             Began as an Octopode Gladiator on Aug 15, 2023.
             Slain by a rat (3 damage)
             ... on level 2 of the Dungeon.
             The game lasted 00:00:50 (1129 turns).

Ethylacetat the Insei (Octopode Gladiator)          Turns: 1129, Time: 00:00:51

Health: 0/25       AC:  1    Str: 13    XL:     3   Next: 66%
Magic:  3/3        EV: 14    Int: 10    God:
Gold:   117        SH:  0    Dex: 15    Spells: 2/2 levels left

rFire   . .          .
                       - Unarmed
rCold   . . .        (no shield)
rNeg    . . .        a - +0 hat
rPois   .            (no amulet)
rElec   .            (no ring)
rCorr   .            (no ring)
SInv    .            (no ring)
Will    .....        (no ring)
Stlth   ++           (no ring)
HPRegen 0.24/turn    (no ring)
MPRegen 0.08/turn    (no ring)
                     (no ring)

%: no passive effects
@: lethally poisoned (0 -> -17)
A: almost no armour, amphibious, 8 rings, camouflage 1, gelatinous body 1,
(nimble swimmer 1), tentacles
a: no special abilities


You were on level 2 of the Dungeon.
You visited 1 branch of the dungeon, and saw 2 of its levels.

You collected 117 gold pieces.

Inventory:

Missiles
 b - 3 throwing nets (quivered)
 c - a javelin
Armour
 a - a +0 hat (worn)
Scrolls
 e - a scroll of vulnerability {unknown}
 f - a scroll of butterflies {unknown}
 g - a scroll of poison {unknown}
 h - a scroll of noise {unknown}
Potions
 d - a potion of cancellation
 i - a potion of heal wounds {unknown}


   Skills:
 + Level 2.8 Fighting
 - Level 2.0 Throwing
 + Level 3.5 Dodging
 + Level 3.5 Unarmed Combat


You had 2 spell levels left.
You didn't know any spells.
Your spell library was empty.

Dungeon Overview and Level Annotations

Branches:
Dungeon (2/15)

Altars:


Innate Abilities, Weirdness & Mutations

You cannot wear most types of armour.
You are amphibious.
You can wear up to eight rings at the same time.
Your skin changes colour to match your surroundings (Stealth+).
Your rubbery body absorbs attacks. (AC +1, EV +1)
((You are camouflaged when in or above water. (Stealth+)))
You have tentacles for arms and can constrict up to eight enemies at once.


Message History

You kill the frilled lizard!
The bat misses you. x2; The hobgoblin hits you.
The rat completely misses you.
There are monsters nearby!
You barely miss the bat. Your grab misses the bat.
The bat hits you but does no damage. The bat hits you.
An endoplasm comes into view.
The hobgoblin hits you. The rat closely misses you.
The endoplasm quivers.
You tentacle-slap the bat. Your grab misses the bat.
Your squeeze misses the bat.
The bat is moderately wounded.
The bat hits you. The hobgoblin barely misses you. The rat misses you.
You tentacle-slap the kobold. Your grab misses the kobold.
The kobold is moderately wounded.
The bat closely misses you.
The kobold hits you with a +0 dagger of venom.
You are poisoned.
The hobgoblin barely misses you. The rat bites you.
You are too injured to fight recklessly!
You are too injured to fight recklessly!
You are too injured to fight recklessly!
You are too injured to fight recklessly!
You are too injured to fight recklessly!
You barely miss the kobold. Your grab misses the kobold.
The kobold is moderately wounded.
* * * LOW HITPOINT WARNING * * *
You feel very sick. The bat misses you. The kobold closely misses you.
The hobgoblin closely misses you. The rat bites you.
* * * LOW HITPOINT WARNING * * *
It was a potion of cancellation.
You feel magically purged.
* * * LOW HITPOINT WARNING * * *
You feel sick. The bat hits you but does no damage.
The kobold hits you with a +0 dagger of venom.
* * * LOW HITPOINT WARNING * * *
You are more poisoned.
The hobgoblin misses you.
The rat twitches its whiskers.
The rat bites you.
You die...

#..................
#######..######....
##..# .>. ##.## .
#..## ##..# ##.###
##K..## #@r...#
#.bg.......
#?.<........
....J........
###.......?...
#..$........
#.......[...
#..........


You could see an endoplasm, a hobgoblin, a bat, a kobold and a rat.

Vanquished Creatures
  2 adders (D:2)
  A worm (D:2)
  A dart slug (D:1)
  4 bats
  An endoplasm (D:1)
  6 jackals (D:1)
  A quokka (D:1)
  A ball python (D:1)
  3 frilled lizards
  3 kobolds
  A rat (D:1)
24 creatures vanquished.

Notes
Turn   | Place    | Note
-------+----------+-------------------------------------------
     0 | D:1      | Ethylacetat the Octopode Gladiator began the quest for the
                  | Orb.
     0 | D:1      | Reached XP level 1. HP: 14/14 MP: 1/1
    78 | D:1      | Reached XP level 2. HP: 19/19 MP: 2/2
  1039 | D:2      | Reached XP level 3. HP: 22/25 MP: 3/3
  1129 | D:2      | Slain by a rat

Illustrated notes

Levels and vault maps discovered:
D:1:      kennysheep_arrival_forest, layout_basic, serial_rivers,
          chequers_serial_rivers_micro_a, chequers_serial_rivers_large_a,
          chequers_serial_rivers_room_b, chequers_serial_rivers_room_b,
          chequers_serial_rivers_small_3, chequers_serial_rivers_marsh,
          minmay_hedge_maze, minmay_ruptured
D:2:      layout_rooms, shapermc_ecumenical_altar_mp_highgroup, basic_altar

Action                     || total
---------------------------++-------
  Melee: Unarmed           ||    52
         Constrict         ||    13
         Tentacles         ||    11
         Punch             ||     1
    Use: Potion            ||     1
   Stab: Sleeping          ||     7
 Armour: Skin              ||     5
  Dodge: Dodged            ||    44

Table legend: (Time is in decaauts)
 A = Elapsed time spent in this place.
 B = Non-inter-level travel time spent in this place.
 C = Inter-level travel time spent in this place.
 D = Time resting spent in this place.
 E = Time spent auto-exploring this place.
 F = Levels seen in this place.
 G = Mean time per level.
                   A        B        C        D        E       F      G
               +--------+--------+--------+--------+--------+-----+--------+
         Total |   1125 |   1095 |     30 |      0 |    950 |   2 |  562.5 |
       Dungeon |   1125 |   1095 |     30 |      0 |    950 |   2 |  562.5 |
               +--------+--------+--------+--------+--------+-----+--------+

Top non-repeatable levels by time:
     D:1: 1023 daAuts
     D:2: 101 daAuts
